 Dungeon Crawl Stone Soup version 0.28-b1-25-g9875b3fc8c (webtiles) character file.

Game seed: 17725099677361611979

18 chmiii the Skirmisher (level 2, -8/27 HPs)
             Began as a Hill Orc Monk on Feb 1, 2022.
             Mangled by Sigmund (14 damage)
             ... on level 2 of the Dungeon.
             The game lasted 00:05:27 (1362 turns).

chmiii the Skirmisher (Hill Orc Monk)               Turns: 1362, Time: 00:05:28

Health: -8/27      AC:  3    Str: 13    XL:     2   Next: 66%
Magic:  2/2        EV: 12    Int: 10    God:
Gold:   33         SH:  0    Dex: 13    Spells: 1/1 levels left

rFire   . . .      SeeInvis .   a - +0 mace
rCold   . . .      Faith    .   (no shield)
rNeg    . . .      Spirit   .   b - +0 robe
rPois   .          Reflect  .   (no helmet)
rElec   .          Harm     .   (no cloak)
rCorr   .          Rampage  .   d - +0 pair of gloves
Will    .....                   (no boots)
Stlth   +.........              (no amulet)
HPRegen 0.09/turn               (no ring)
MPRegen 0.08/turn               (no ring)

@: confused
A: no striking features
a: no special abilities


You were on level 2 of the Dungeon.
You visited 1 branch of the dungeon, and saw 2 of its levels.

You collected 33 gold pieces.

Inventory:

Hand Weapons
 a - a +0 mace (weapon)
Missiles
 f - 18 sling bullets
Armour
 b - a +0 robe (worn)
 d - a +0 pair of gloves (worn)
Scrolls
 c - a scroll of blinking {unknown}
 g - a scroll of amnesia {unknown}
Potions
 e - a potion of ambrosia {unknown}


   Skills:
 + Level 3.9 Fighting
 * Level 3.8 Maces & Flails
 + Level 1.0 Armour
 - Level 2.4 Dodging
 - Level 1.5 Stealth


You had one spell level left.
You didn't know any spells.
Your spell library was empty.

Dungeon Overview and Level Annotations

Branches:
Dungeon (2/15)

Altars:

Annotations:
D:2 Sigmund, Terence


Message History

Terence shouts, "Get ready for death!"
Terence asks, "Do you want it fast or slow?"
Terence says, "How do you enjoy it?" Terence says, "How do you enjoy it?"
You barely miss Terence. Terence hits you with a +0 mace.
You hit Terence but do no damage. Terence hits you with a +0 mace.
You hit Terence.
Terence is lightly wounded.
Terence barely misses you. Terence hits you with a +0 mace.
Terence says, "How do you enjoy it?" Terence hits you with a +0 mace.
Terence shouts, "DIE!!!"
Terence hits you with a +0 mace!
* * * LOW HITPOINT WARNING * * *
Terence screams, "I want your blood!" Terence screams, "I want your blood!"
Terence shouts, "Now you die!"
A dart slug comes into view.
The dart slug launches a dart at you. The slug dart hits you.
* * * LOW HITPOINT WARNING * * *
The dart slug bites you but does no damage.
The dart slug launches a dart at you. The slug dart hits you.
* * * LOW HITPOINT WARNING * * *
Terence screams, "I'm going to kill you!"
Terence barely misses you.
Terence says, "Don't bother to defend, it's useless."
Terence looks scornfully at you.
Sigmund the Dreaded comes into view.
He is wielding a +0 scythe.
Sigmund shouts!
Sigmund gestures at you while chanting.
You are confused.
Sigmund gestures at you while chanting. The magic dart hits you.
* * * LOW HITPOINT WARNING * * *
You bump into the rock wall.
Sigmund hits you from afar with a +0 scythe!
Ouch! That really hurt!
You die...

#.........# ..
#.........# ..
.##.........# (.
...........####### .(
#...............# ..
#.........#####.# .
#..@......# #.#
#.........# #.#.####
#....@@...# #.#.#...
#.######### #.#.....
### #.#.#.#. ..#
#.#.#.#. ########.#
#.#..... #........#
#.###.#.
#.#####..#####.###.#.
#.# #................
#<###.#..#####.##....


You could see Sigmund and Terence.

Vanquished Creatures
  2 endoplasms (D:1)
  3 goblins (D:1)
  A quokka (D:1)
  3 ball pythons (D:1)
  3 bats (D:1)
  A frilled lizard (D:1)
  4 kobolds (D:1)
  A rat (D:1)
18 creatures vanquished.

Notes
Turn   | Place    | Note
-------+----------+-------------------------------------------
     0 | D:1      | chmiii the Hill Orc Monk began the quest for the Orb.
     0 | D:1      | Reached XP level 1. HP: 19/19 MP: 1/1
   329 | D:1      | Found a faded altar of an unknown god.
   346 | D:1      | Reached XP level 2. HP: 17/27 MP: 2/2
   906 | D:1      | Reached skill level 1 in Armour
  1042 | D:2      | Noticed Terence
  1358 | D:2      | Noticed Sigmund
  1362 | D:2      | Mangled by Sigmund

Illustrated notes

Levels and vault maps discovered:
D:1:      dpeg_arrival_rhombi, layout_rooms, hellmonk_ecumenical_altar_run_dry,
          roderic_serpentine_path
D:2:      layout_basic, minmay_fountain_box, chequers_hall_statues_corner_a,
          uniq_sigmund, uniq_crazy_yiuf_cottage, uniq_terence

Skill      XL: |  1  2 |
---------------+-------+-----
Armour         | 1 |  1.0
Fighting       | |  3.9
Maces & Flails | |  3.8
Dodging        | |  2.4
Stealth        | |  1.5

Action                   || total
-------------------------++-------
Melee: Mace              ||    52
Throw: Dart              ||     4
 Stab: Sleeping          ||     1
Armor: Robe              ||    10
Dodge: Dodged            ||    44
